 Dungeon Crawl Stone Soup version 0.31-a0-233-g139696dc86 (webtiles) character file.

Game seed: 16614647998992618418

98 qw the Shooter (level 4, 0/36 HPs)
             Began as a Minotaur Hexslinger on July 9, 2023.
             Slain by an orc wizard
             ... wielding a +1 dagger of speed
              (3 damage)
             ... on level 3 of the Dungeon.
             The game lasted 00:00:45 (2035 turns).

qw the Shooter (Minotaur Hexslinger)                Turns: 2035, Time: 00:00:46

Health: 0/36       AC:  7    Str: 13    XL:     4   Next: 44%
Magic:  4/4        EV: 11    Int: 10    God:
Gold:   146        SH:  0    Dex: 14    Spells: 4/5 levels left

rFire   . . .        Y - +1 sling
rCold   . . .        (no shield)
rNeg    . . .        j - +0 ring mail
rPois   .            (helmet restricted)
rElec   .            (no cloak)
rCorr   .            (no gloves)
SInv    .            e - +1 pair of boots
Will    .....        (no amulet) Stlth
                     (no ring)
HPRegen 0.26/turn    (no ring)
MPRegen 0.09/turn

%: no passive effects
@: confused
A: horns 2, retaliatory headbutt
a: no special abilities


You were on level 3 of the Dungeon.
You visited 1 branch of the dungeon, and saw 3 of its levels.

You collected 146 gold pieces.


Innate Abilities, Weirdness & Mutations

You have a pair of horns on your head.
You reflexively headbutt those who attack you in melee.


   Skills:
 - Level 2.1 Fighting
 + Level 4.7 Ranged Weapons
 - Level 1.0 Armour
 - Level 2.1 Dodging
 - Level 1.0 Spellcasting
 - Level 2.0 Hexes


You had 4 spell levels left.
You knew the following spells:

 Your Spells              Type           Power      Damage    Failure   Level
a - Slow                  Hex            16%        N/A       32%         1

Your spell library contained the following spells:

 Spells                   Type           Power      Damage    Failure   Level
 Inner Flame              Hex/Fire       2%         N/A       82%         3
 Portal Projectile        Hex/Tloc       4%         N/A       82%         3
 Cause Fear               Hex            2%         N/A       97%         4

Inventory:

Hand Weapons
 Y - a +1 sling (weapon)
Armour
 e - a +1 pair of boots (worn)
 j - a +0 ring mail (worn)
Scrolls
 a - 2 scrolls of identify
 c - a scroll of noise {unknown}
Potions
 b - a potion of curing
 f - a potion of cancellation
 g - 2 potions of heal wounds

Dungeon Overview and Level Annotations

Branches:
Dungeon (3/15)

Altars:
Gozag

Annotations:
D:3 2 runed translucent doors, qw's ghost, amateur GrHs


Message History

2025 ||| DRINKING 2 potions of curing.
You feel better.
2025 ||| (to cure confusion)
The adder bites you but does no damage. Something hits you but does no damage.
You shoot a sling bullet.
The sling bullet closely misses the adder.
The adder closely misses you. You furiously retaliate!
You headbutt the adder!
You kill the adder!
You hear some strange, mumbled words.
A magic dart appears from out of thin air!
The magic dart hits you. Something hits you.
You shoot a sling bullet.
Something hits you but does no damage. x2
You shoot a sling bullet. Something hits you.
You hear some strange, mumbled words.
A magic dart appears from out of thin air!
The magic dart hits you.
You shoot a sling bullet. Something hits you.
You shoot a sling bullet. Something hits you.
Something hits you but does no damage.
You shoot a sling bullet.
You hear some strange, mumbled words.
A magic dart appears from out of thin air!
The magic dart hits you.
You shoot a sling bullet. Something hits you but does no damage.
You hear some strange, mumbled words.
You are confused.
You shoot a sling bullet. The sling bullet hits the plant.
The plant begins to die.
The plant is lightly damaged.
You hear some strange, mumbled words.
A puff of flame appears from out of thin air!
The puff of flame hits you.
You shoot a sling bullet. Something hits you but does no damage.
Something hits you.
You shoot a sling bullet.
A nearby plant withers and dies.
Something hits you. x2
You die...

#.#.## ..#...
#.#....###
####.####..........
....(..............
####......... ....#
####..###?.# #..P#
...........# #...
####.%#....#
+)%#####
#......#.####{@#...#
##.............))..#
#...#.........)#...#
#...#.>..##+#..#####
#...##...# #...'(.#
####..##...#
#.}.#..# .#
...........#
#...####..#
...........##
##....P..#
########...P#
#.......#


There were no monsters in sight!

Vanquished Creatures
  3 adders
  A worm (D:2)
  6 orcs (D:3)
  4 ball pythons
  4 endoplasms
  4 giant cockroaches
  9 goblins
  7 hobgoblins
  A quokka (D:3)
  6 bats
  3 frilled lizards
  3 kobolds
  7 rats
58 creatures vanquished.

Notes
Turn   | Place    | Note
-------+----------+-------------------------------------------
     0 | D:1      | qw the Minotaur Hexslinger began the quest for the Orb.
     0 | D:1      | Reached XP level 1. HP: 16/16 MP: 1/1
     0 | D:1      | 0 ||| qw: Version: 0.3-a-51-g015441d
     0 | D:1      | 0 ||| qw: Game counter: 3797
     0 | D:1      | 0 ||| qw: Melee chars always use a shield: true
     0 | D:1      | 0 ||| qw: God list: Okawaru
     0 | D:1      | 0 ||| qw: Allow faded altars: false
     0 | D:1      | 0 ||| qw: Do Orc after clearing Dungeon:15 true
     0 | D:1      | 0 ||| qw: Do second Lair branch before Depths: true
     0 | D:1      | 0 ||| qw: Lair rune preference: random
     0 | D:1      | 0 ||| qw: Goals: Normal
     0 | D:1      | 0 ||| PLANNING D:1-11
   161 | D:1      | Reached skill level 3 in Ranged Weapons
   161 | D:1      | Reached XP level 2. HP: 22/23 MP: 2/2
   244 | D:1      | 244 ||| FLEEEEING.
   245 | D:1      | 245 ||| FLEEEEING.
   552 | D:1      | 552 ||| UPGRADING to +0 ring mail.
   562 | D:1      | 562 ||| DROPPING +0 robe.
   563 | D:1      | 563 ||| READING 2 scrolls labelled YTETOE OFUS.
   564 | D:1      | 564 ||| READING scroll labelled KAALYRR ROICW.
   568 | D:1      | 568 ||| READING scroll labelled WILAEB POMIAGO.
   569 | D:1      | 569 ||| DRINKING 3 grey potions.
   570 | D:1      | 570 ||| DROPPING scroll of poison.
   675 | D:2      | Reached XP level 3. HP: 26/29 MP: 3/3
   757 | D:2      | Found an opulent altar of Gozag.
   882 | D:2      | Identified the +1 dagger "Newtslayer" {heavy, rC++ MP+9
                  | Dex-5 Stlth+}
   975 | D:2      | Reached skill level 4 in Ranged Weapons
  1289 | D:2      | Reached skill level 1 in Armour
  1567 | D:2      | 1567 ||| UPGRADING to +1 pair of boots.
  1572 | D:2      | 1572 ||| READING scroll labelled OTWIFR BOEPRIZ.
  1573 | D:2      | 1573 ||| READING scroll labelled AHEARGH ZOENUETS.
  1574 | D:2      | 1574 ||| DRINKING 3 brown potions.
  1575 | D:2      | 1575 ||| DRINKING 2 bubbling brown potions.
  1576 | D:2      | 1576 ||| READING 3 scrolls of identify.
  1576 | D:2      | 1576 ||| IDENTIFYING glowing clear potion
  1577 | D:2      | 1577 ||| READING 2 scrolls of identify.
  1577 | D:2      | 1577 ||| IDENTIFYING puce potion
  1578 | D:2      | 1578 ||| DROPPING potion of invisibility.
  1579 | D:2      | 1579 ||| DROPPING potion of attraction.
  1652 | D:3      | Found a runed translucent door.
  1653 | D:3      | Noticed qw's ghost (amateur GrHs)
  1803 | D:3      | Reached XP level 4. HP: 36/36 MP: 4/4
  1924 | D:3      | Found a runed translucent door.
  2025 | D:3      | 2025 ||| DRINKING 2 potions of curing.
  2025 | D:3      | 2025 ||| (to cure confusion)
  2031 | D:3      | HP: 9/36 [something/magic dart (4)]
  2035 | D:3      | HP: 3/36 [something (2)]
  2035 | D:3      | Slain by an orc wizard

Levels and vault maps discovered:
D:1:      minmay_arrival_four_loops, layout_basic
D:2:      layout_basic, serial_forest, infiniplex_forest_join,
          infiniplex_forest_side_room, infiniplex_forest_lined_2,
          infiniplex_forest_clump_C, infiniplex_forest_clump_long,
          infiniplex_forest_lined_1, infiniplex_forest_lined_corner,
          infiniplex_forest_end_1, basic_altar
D:3:      corexii_shack_village, layout_basic, ebering_ghost_sewer_f,
          hangedman_feature_mirror, minmay_crystal_room

Skill      XL: |  1  2  3 |
---------------+----------+-----
Ranged Weapons | 3 4 |  4.7
Fighting       | 2 |  2.1
Armour         | 1 |  1.0
Dodging        | |  2.1
Spellcasting   | |  1.0
Hexes          | |  2.0

Action                     |  1- 3 |  4- 6 || total
---------------------------+-------+-------++-------
   Fire: Sling             |   119 |    43 ||   162
    Use: Scroll            |     7 |       ||     7
         Potion            |     3 |     1 ||     4
 Armour: Robe              |     7 |       ||     7
         Ring mail         |    21 |    25 ||    46
  Dodge: Dodged            |    38 |    14 ||    52

Table legend:
 A = Non-vault XP
 B = Vault XP
 C = Vault XP percentage of total XP
 D = Non-vault monster count
 E = Vault monster count
 F = Vault count percentage of total count
                 A         B        C        D         E       F
            +---------+---------+-------+---------+---------+-------
      Total |     124 |      17 |  12.1 |      51 |       7 |  12.1
            +---------+---------+-------+---------+---------+-------
        D:1 |      34 |       0 |   0.0 |      21 |       0 |   0.0
        D:2 |      44 |       0 |   0.0 |      19 |       0 |   0.0
        D:3 |      46 |      17 |  27.0 |      11 |       7 |  38.9
            +---------+---------+-------+---------+---------+-------
